Map: [ESL] Oceanborn

Players

Silky

  • Race: Zerg Zerg
  • Spawn Location: 11:00

MeomaikA - Winner!

  • Race: Zerg Zerg
  • Spawn Location: 5:00

Event: ESL SC2 Masters 2024 Spring (Regional)

VOD

Have the link to the VOD?

Description

Time

  • Played on: April 14, 2024, 9:37 a.m.
  • Length: 6:28
Show
View Real Time Build Order
Export as new Build Order

Silky Zerg 

Build Orders: Hatch First 

Get SALT Encoding   

  12  0:00  Drone  
  13  0:12  Overlord  
  13  0:17  Drone  
  14  0:31  Drone x2  
  16  0:48  Hatchery  
  15  0:52  Drone  
  15  0:56  Drone  
  17  0:59  Drone  
  18  1:06  Extractor  
  17  1:14  Spawning Pool  
  17  1:17  Drone  
  17  1:20  Drone  
  18  1:27  Drone  
  19  1:40  Drone  
  20  1:50  Drone  
  21  2:00  Queen x2  
  21  2:01  Zergling x2, Drone  
  27  2:11  Metabolic Boost  
  27  2:12  Overlord  
  27  2:14  Zergling x2  
  28  2:36  Zergling x2  
  28  2:38  Drone x3  
  28  2:43  Drone  
  28  2:44  Drone  
  33  2:53  Overlord  
  32  3:09  Overlord  
  32  3:14  Zergling x8  
  32  3:18  Overlord  
  36  3:24  Roach Warren  
  36  3:25  Zergling x2  
  36  3:30  Drone x4  
  40  3:41  Drone x5  
  44  3:43  Zergling x6  
  41  4:06  Roach x4  
  49  4:12  Roach  
  49  4:15  Overlord  
  49  4:16  Overlord  
  51  4:20  Roach  
  51  4:21  Overlord  
  50  4:25  Spine Crawler  
  50  4:26  Roach  
  50  4:28  Overlord  
  51  4:34  Roach x2  
  55  4:38  Roach  
  55  4:41  Roach  
  59  4:46  Roach  
  59  4:47  Roach  
  63  4:57  Extractor  
  63  5:00  Roach  
  63  5:04  Roach  
  67  5:07  Hatchery  
  67  5:08  Overlord  
  66  5:15  Roach, Zergling x2  
  66  5:16  Zergling x4  
  66  5:18  Zergling x2  
  73  5:22  Overlord  
  73  5:28  Zergling x6  
  76  5:32  Zergling x2  
  77  5:40  Zergling x2  
  78  5:43  Zergling x2, Overlord  
  78  5:44  Zergling x4  
  81  5:53  Zergling x8  
  84  6:02  Zergling x2  
  79  6:07  Zergling x2  
Show
View Real Time Build Order
Export as new Build Order

MeomaikA Zerg - Winner!

Build Orders: Pool First 

Get SALT Encoding   

  12  0:00  Drone  
  13  0:12  Overlord  
  13  0:16  Drone  
  14  0:30  Drone x2  
  14  0:34  Drone  
  17  0:43  Spawning Pool  
  17  0:47  Drone  
  17  1:08  Hatchery  
  17  1:09  Drone  
  17  1:11  Extractor  
  17  1:15  Drone  
  17  1:30  Zergling x4  
  17  1:31  Queen  
  21  1:38  Drone  
  22  1:49  Overlord  
  22  2:07  Queen  
  22  2:08  Drone  
  25  2:10  Drone  
  25  2:11  Metabolic Boost  
  26  2:19  Queen  
  26  2:20  Drone  
  29  2:23  Drone  
  30  2:32  Drone  
  30  2:33  Drone  
  32  2:39  Drone  
  32  2:40  Drone  
  34  2:49  Roach Warren  
  34  2:51  Drone x2  
  35  2:56  Zergling x2  
  36  3:00  Overlord  
  36  3:11  Overlord  
  36  3:18  Zergling x6  
  36  3:19  Zergling x2  
  40  3:20  Zergling x4  
  40  3:21  Zergling x2  
  40  3:25  Zergling x2  
  44  3:29  Overlord  
  44  3:43  Roach x4  
  52  3:49  Roach  
  52  3:50  Roach x2  
  52  3:52  Roach  
  56  3:56  Roach  
  56  3:58  Zergling x2  
  56  4:02  Overlord  
  59  4:07  Overlord  
  59  4:18  Zergling x2  
  59  4:20  Zergling x2  
  59  4:22  Zergling x6  
  64  4:26  Zergling x4  
  64  4:29  Zergling x4  
  64  4:30  Zergling x2  
  69  4:44  Drone x2  
  69  4:45  Hatchery  
  69  4:53  Drone x4  
  69  4:56  Drone  
  74  5:07  Overlord  
  74  5:10  Extractor  
  74  5:13  Evolution Chamber, Drone x3  
  75  5:14  Overlord  
  75  5:21  Lair  
  75  5:24  Overlord  
  75  5:28  Drone x2  
  77  5:32  Roach  
  77  5:33  Roach  
  81  5:36  Roach  
  81  5:38  Roach  
  81  5:41  Roach  
  87  5:44  Roach  
  87  5:47  Roach  
  91  5:51  Roach  
  91  5:53  Roach  
  91  5:54  Roach  
  97  5:57  Roach  
  97  5:59  Roach  
  97  6:02  Zergling x2  
  97  6:06  Roach x2  
Tags
 
Add a new tag
Caveats
  • Supply blocks, unpowered buildings, or Contaminate may cause inaccurate times.
  • Supply counts are checked every 10 seconds.